 Dungeon Crawl Stone Soup version 0.20-a0-501-g0de2c2e (webtiles) character file.

35 Jmtri7 the Ducker (level 3, 0/33 HPs)
             Began as a Deep Dwarf Monk on Jan 20, 2017.
             Killed from afar by Sigmund (2 damage)
             ... with a magic dart
             ... on level 2 of the Dungeon.
             The game lasted 00:02:19 (886 turns).

Jmtri7 the Ducker (Deep Dwarf Monk)                  Turns: 886, Time: 00:02:20

Health: 0/33       AC:  8    Str: 14    XL:     3   Next: 17%
Magic:  3/3        EV: 15    Int: 10    God:
Gold:   135        SH:  0    Dex: 16    Spells: 2/2 levels left

rFire    . . .     SeeInvis .   m - +2 short sword (speed)
rCold    + . .     Gourm    .   l - +2 robe {rC+}
rNeg     . . .     Faith    .   (no shield)
rPois    .         Spirit   .   (no helmet)
rElec    .         Reflect  .   (no cloak)
rCorr    .         Harm     .   o - +0 pair of gloves
MR       .....                  (no boots)
Stlth    +.........             (no amulet)
Regen    0.0/turn               (no ring)
                                d - +3 ring of protection

@: confused, lethally poisoned (0 -> 0), non-regenerating
A: damage resistance, recharge devices, sense surroundings 1, slow regeneration
3
a: Heal Wounds


You were on level 2 of the Dungeon.
You were not hungry.

You visited 1 branch of the dungeon, and saw 2 of its levels.

You collected 135 gold pieces.

Inventory:

Hand Weapons
 a - a +0 falchion
 m - a +2 short sword of speed (weapon)
Armour
 l - a +2 robe of cold resistance (worn)
 o - a +0 pair of gloves (worn)
Jewellery
 d - a +3 ring of protection (left hand)
Scrolls
 e - a scroll of immolation {unknown}
 k - a scroll of amnesia {unknown}
 n - 2 scrolls of identify {unknown}
Potions
 b - a potion of mutation {unknown}
 h - 2 potions of heal wounds {unknown}
 i - a potion of brilliance {unknown}
 j - a potion of curing {unknown}
Comestibles
 c - a bread ration
 f - 2 chunks of flesh
 g - 5 fruits


   Skills:
 - Level 2.6 Fighting
 - Level 3.0 Long Blades
 + Level 4.7 Dodging
 - Level 2.4 Stealth


You had 2 spell levels left.
You didn't know any spells.

Dungeon Overview and Level Annotations

Branches:
Dungeon (2/15)

Altars:

Annotations:
D:2 Sigmund


Innate Abilities, Weirdness & Mutations

You are resistant to damage.
You can recharge devices by infusing magical energy.
You passively map a small area around you.
You do not regenerate.


Message History

Sigmund points at you and mumbles some strange words.
You resist with some effort.
You hit Sigmund but do no damage.
Sigmund is lightly wounded.
Sigmund hits you with a scythe of venom.
* * * LOW HITPOINT WARNING * * *
You hit Sigmund.
Sigmund is moderately wounded.
You barely miss Sigmund.
Sigmund is moderately wounded.
Sigmund gestures at you while chanting.
You are confused.
You miss Sigmund.
Sigmund is moderately wounded.
Sigmund hits you with a scythe of venom.
* * * LOW HITPOINT WARNING * * *
You are poisoned.
Sigmund gestures at you while chanting. The magic dart hits you!
You die...

, ... * , , , , ...
,* , #.# , # *, #.
#.# #.# # #.! ,...,
.., #..#.%###.##.##,
#. #..#..........#
#.##..#..###.##..#
............@@...# .
.............#..# *
. ................#
#.###..............
#........##.######.#
..###.......# #
#...##.##### ,
,.###...........,
.#.. ...........####


You could see Sigmund.

Vanquished Creatures
  An adder (D:2)
  An ooze (D:2)
  3 bats
  A hobgoblin (D:1)
  2 frilled lizards (D:1)
  8 goblins (D:1)
  3 kobolds (D:1)
  2 rats
21 creatures vanquished.

Vanquished Creatures (others)
  A kobold (D:1)
1 creature vanquished.

Grand Total: 22 creatures vanquished

Notes
Turn   | Place    | Note
-------+----------+-------------------------------------------
     0 | D:1      | Jmtri7 the Deep Dwarf Monk began the quest for the Orb.
     0 | D:1      | Reached XP level 1. HP: 20/20 MP: 1/1
   306 | D:1      | Reached XP level 2. HP: 21/27 MP: 2/2
   336 | D:1      | Reached skill level 4 in Dodging
   779 | D:2      | Reached XP level 3. HP: 20/33 MP: 3/3
   865 | D:2      | Noticed Sigmund
   886 | D:2      | Killed from afar by Sigmund

Vault maps used:
D:1:      ncdulo_lavacross, serial_bayou_lagoon_b
D:2:      first_bread, kennysheep_boxes, uniq_sigmund

Skill      XL: |  1  2 |
---------------+-------+-----
Dodging        | 4 |  4.7
Fighting       | |  2.6
Long Blades    | |  3.0
Stealth        | |  2.4

Action                   || total
-------------------------++-------
Melee: Falchion          ||    46
       Short sword       ||    27
 Stab: Sleeping          ||     6
Armor: Robe              ||    14
Dodge: Dodged            ||    38
       Rpst.: Falchion   ||     9
